 Dungeon Sprint DCSS version 0.27-a0-1579-g97d2440184 (webtiles) character file.

Game seed: 5126800644837717194

882 Nausicaa the Grappler (level 7, -2/76 HPs)
             Began as a Troll Monk on July 17, 2021.
             Was a Believer of Jiyva.
             Slain by a vampire (11 damage)
             ... in the Dungeon (Sprint IX: "|||||||||||||||||||||||||||||").
             The game lasted 00:03:16 (147 turns).

Nausicaa the Grappler (Troll Monk)                   Turns: 147, Time: 00:03:16

Health: -2/76      AC:  4    Str: 21    XL:     7   Next: 76%
Magic:  6/6        EV: 14    Int:  9    God:    Jiyva [**....]
Gold:   0          SH:  0    Dex: 13    Spells: 6/6 levels left

rFire    . . .     SeeInvis .     - Unarmed
rCold    . . .     Faith    .   (no shield)
rNeg     . . .     Spirit   .   a - +0 robe
rPois    .         Reflect  .   (helmet restricted)
rElec    .         Harm     .   (no cloak)
rCorr    .         Rampage  .   (gloves unavailable)
Will     .....     NoTele   +   (boots unavailable)
Stlth    ++........             (no amulet)
HPRegen  1.22/turn              k - +3 ring of intelligence
MPRegen  0.10/turn              l - +2 ring of evasion

@: no status effects
A: large, unfitting armour, claws 3, regeneration 1, shaggy fur 1, tough skin 1
a: Renounce Religion, Request Jelly


You were in the Dungeon.
You worshipped Jiyva.
Jiyva was pleased with you.
You visited 1 branch

Inventory:

Armour
 a - a +0 robe (worn)
Jewellery
 k - a +3 ring of intelligence (left claw)
 l - a +2 ring of evasion (right claw)
Wands
 j - a wand of iceblast (9)
Scrolls
 g - 2 scrolls of blinking
 i - 2 scrolls of amnesia
Potions
 b - a potion of invisibility
 c - 3 potions of heal wounds
 d - a potion of haste
 e - 4 potions of magic
 f - a potion of berserk rage
 h - 4 potions of curing


   Skills:
 + Level 6.5 Fighting
 + Level 6.5 Dodging
 - Level 1.0 Stealth
 * Level 13.6 Unarmed Combat


You had 6 spell levels left.
You didn't know any spells.
Your spell library was empty.

Dungeon Overview and Level Annotations

Branches:
Dungeon (1/1)

Altars:
Cheibriados
Dithmenos
Elyvilon
Fedhas
Gozag
Hepliaklqana
Kikubaaqudgha
Makhleb
Nemelex Xobeh
Okawaru
Qazlal
Ru
Sif Muna
Trog
Uskayaw
Vehumet
Wu Jian
Xom
Yredelemnul
Zin
The Shining One
Beogh
Jiyva
Lugonu


Innate Abilities, Weirdness & Mutations

You are too large for most types of armour.
You have claws for hands.
Your natural rate of healing is unusually fast.
You are covered in fur. (AC +1)
You have tough skin. (AC +1)


Message History

Your base attributes are Str 20, Int 6, Dex 12.
Increase (S)trength, (I)ntelligence, or (D)exterity?
You feel agile.
You feel stronger.
You have reached level 7!
Okay, then.
Unknown command.
You scratch the yak.
The yak is lightly wounded.
The yak gores you!
* * * LOW HITPOINT WARNING * * *
You claw the yak!
The yak is heavily wounded.
The orc priest casts a cantrip, but nothing happens.
The yak gores you but does no damage.
You claw the yak!
The yak is severely wounded.
The yak misses you.
You barely miss the yak. You claw the yak!
You kill the yak!
Aiming: Iceblast
Press: ? - help, Shift-Dir - straight line, f - orc priest
Aim: an orc priest, wielding a +0 club and wearing a +0 leather armour The mass of ice explodes!
The iceblast engulfs something.
The iceblast engulfs you.
* * * LOW HITPOINT WARNING * * *
Something hits you.
* * * LOW HITPOINT WARNING * * *
Something bites you!
* * * LOW HITPOINT WARNING * * *
Something draws strength from your injuries!
Unknown command.
Aiming: Iceblast
Press: ? - help, Shift-Dir - straight line, f/p - orc priest
Aim: an orc priest, wielding a +0 club and wearing a +0 leather armour
Okay, then.
Unknown command.
Unknown command.
Something is blocking the doorway!
Something hits you but does no damage. Something bites you!
You die... ▓▓▓▓▓▓▓▓▓▓▓▓▓▓▓▓▓▓▓▓▓▓▓▓▓▓▓▓▓▓▓▓▓ __________Z__co)@...)'..)†.†...<▓ ▓▓▓▓▓▓▓▓▓▓▓▓▓▓▓▓▓▓▓▓▓▓▓▓▓▓▓▓▓▓▓▓▓

You could see a centaur, an orc priest and a bat zombie (wandering).

Vanquished Creatures
  A two-headed ogre (D)
  A yak (D)
  A water moccasin (D)
  A gnoll shaman (D)
  An adder (D)
  A dart slug (D)
  A giant cockroach (D)
  A goblin (D)
  A kobold (D)
  A quokka (D)
  A giant cockroach zombie (D)
  A rat (D)
12 creatures vanquished.

Vanquished Creatures (others)
  A lich (D)
  5 great orbs of eyes (D)
  A vault sentinel (D)
  3 slime creatures (D)
  A floating eye (D)
  A jelly (D)
12 creatures vanquished.

Grand Total: 24 creatures vanquished

Notes
Turn   | Place    | Note
-------+----------+-------------------------------------------
     0 | D        | Nausicaa the Troll Monk began the quest for the Orb.
     0 | D        | Reached XP level 1. HP: 22/22 MP: 0/0
    10 | D        | Reached skill level 4 in Unarmed Combat
    19 | D        | Noticed a gnoll shaman
    19 | D        | Noticed a water moccasin
    23 | D        | Reached skill level 5 in Unarmed Combat
    23 | D        | Reached XP level 2. HP: 29/29 MP: 1/1
    31 | D        | Killed a water moccasin
    32 | D        | Reached skill level 9 in Unarmed Combat
    32 | D        | Reached XP level 3. HP: 21/36 MP: 2/2
    32 | D        | Reached XP level 4. HP: 26/44 MP: 3/3
    37 | D        | Reached skill level 10 in Unarmed Combat
    43 | D        | Reached XP level 5. HP: 23/53 MP: 4/4
    49 | D        | Found a snail-covered altar of Cheibriados.
    49 | D        | Found a shadowy altar of Dithmenos.
    49 | D        | Found a white marble altar of Elyvilon.
    49 | D        | Found a blossoming altar of Fedhas.
    49 | D        | Found an opulent altar of Gozag.
    50 | D        | Found a hazy altar of Hepliaklqana.
    51 | D        | Found a viscous altar of Jiyva.
    52 | D        | Found an ancient bone altar of Kikubaaqudgha.
    53 | D        | Found a corrupted altar of Lugonu.
    54 | D        | Found a burning altar of Makhleb.
    55 | D        | Found a sparkling altar of Nemelex Xobeh.
    56 | D        | Found an iron altar of Okawaru.
    57 | D        | Found a stormy altar of Qazlal.
    58 | D        | Found a sacrificial altar of Ru.
    59 | D        | Became a worshipper of Jiyva Jufuosi the Shapeless
    59 | D        | Reached * piety under Jiyva
    59 | D        | Reached ** piety under Jiyva
    60 | D        | Found a shimmering blue altar of Sif Muna.
    61 | D        | Found a bloodstained altar of Trog.
    62 | D        | Found a hide-covered altar of Uskayaw.
    62 | D        | Killed a great orb of eyes
    62 | D        | Killed a slime creature
    63 | D        | Found a radiant altar of Vehumet.
    64 | D        | Found an ornate altar of the Wu Jian Council.
    64 | D        | Killed a great orb of eyes
    64 | D        | Killed a great orb of eyes
    64 | D        | Killed a slime creature
    65 | D        | Found a shimmering altar of Xom.
    66 | D        | Found a basalt altar of Yredelemnul.
    66 | D        | Killed a great orb of eyes
    67 | D        | Found a glowing silver altar of Zin.
    68 | D        | Found a glowing golden altar of the Shining One.
    69 | D        | Killed a vault sentinel
    70 | D        | Killed a lich
    70 | D        | Killed a great orb of eyes
    74 | D        | Killed a slime creature
    91 | D        | Killed a floating eye
    94 | D        | Noticed a centaur
    94 | D        | Noticed a vampire
    94 | D        | Noticed a yak
    94 | D        | Noticed a two-headed ogre
   141 | D        | Killed a two-headed ogre
   142 | D        | Reached skill level 13 in Unarmed Combat
   142 | D        | Reached XP level 6. HP: 24/67 MP: 5/5
   142 | D        | Reached XP level 7. HP: 27/75 MP: 6/6
   145 | D        | Killed a yak
   147 | D        | Slain by a vampire

Illustrated notes

Levels and vault maps discovered:
D:        linesprint [early_d, line_temple, items_1, d_10, items_2, lair_1,
          lair_end, items_3, orc_1, orc_end, items_4, d_15, swamp_1, shoals_1,
          snake_1, spider_1, d_20, vaults_1, items_5, swamp_end, shoals_end,
          snake_end, spider_end, vaults_end, d_27, items_6, zot_1, zot_end,
          crypt_end, forest_end, elf_end, slime_end, tomb_end, abyss_end,
          pan_hell_end]

Skill      XL: |  1  2  3  4  5 |
---------------+----------------+-----
Unarmed Combat | 5 9 10 13 | 13.6
Fighting       | 3 6 |  6.5
Dodging        | 3 6 |  6.5
Stealth        | |  1.0

Action                   |  1- 3 |  4- 6 |  7- 9 || total
-------------------------+-------+-------+-------++-------
Melee: Unarmed           |    17 |    19 |     4 ||    40
       Punch             |     1 |       |     1 ||     2
Evoke: Wand              |       |       |     1 ||     1
  Use: Potion            |     1 |       |       ||     1
Armor: Robe              |     2 |     4 |     2 ||     8
Dodge: Dodged            |    10 |     5 |     1 ||    16

Table legend: (Time is in decaauts)
 A = Elapsed time spent in this place.
 B = Non-inter-level travel time spent in this place.
 C = Inter-level travel time spent in this place.
 D = Time resting spent in this place.
 E = Time spent auto-exploring this place.
 F = Levels seen in this place.
 G = Mean time per level.
                   A        B        C        D        E       F      G
               +--------+--------+--------+--------+--------+-----+--------+
         Total |    140 |    140 |      0 |      0 |      0 |   1 |  140.0 |
       Dungeon |    140 |    140 |      0 |      0 |      0 |   1 |  140.0 |
               +--------+--------+--------+--------+--------+-----+--------+

Top non-repeatable levels by time:
       D: 140 daAuts
